 Dungeon Crawl Stone Soup version 0.29.1-2-gbd0b4ee654 (webtiles) character file.

Game seed: 6081145579257516616

124 tizbic2 the Trooper (level 4, -2/38 HPs)
             Began as a Demigod Artificer on Oct 26, 2022.
             Slain by an iguana (3 damage)
             ... on level 4 of the Dungeon.
             The game lasted 00:12:06 (3784 turns).

tizbic2 the Trooper (Demigod Artificer)             Turns: 3784, Time: 00:12:06

Health: -2/38      AC:  7    Str: 17    XL:     4   Next: 52%
Magic:  6/6        EV: 10    Int: 13    God:
Gold:   96         SH:  3    Dex: 14    Spells: 3/3 levels left

rFire   . . .      SeeInvis .   m - +0 mace
rCold   . . .      Faith    .   s - +0 buckler
rNeg    . . .      Spirit   .   r - +0 ring mail
rPois   .          Reflect  .   q - +0 helmet
rElec   .          Harm     .   o - +0 cloak
rCorr   .          Rampage  .   (no gloves)
Will    .....                   (no boots)
Stlth   +.........              (no amulet)
HPRegen 0.12/turn               (no ring)
MPRegen 0.10/turn               (no ring)

@: flying
A: high MP 1, forlorn, divine attributes
a: no special abilities


You were on level 4 of the Dungeon.
You visited 1 branch of the dungeon, and saw 4 of its levels.

You collected 226 gold pieces.
You spent 130 gold pieces at shops.

Inventory:

Hand Weapons
 m - a +0 mace (weapon)
Missiles
 a - 4 atropa-tipped darts
 k - 3 boomerangs (quivered)
Armour
 o - a +0 cloak (worn)
 q - a +0 helmet (worn)
 r - a +0 ring mail (worn)
 s - a +0 buckler (worn)
Wands
 c - a wand of flame (4)
 d - a wand of charming (13)
 e - a wand of iceblast (5)
Scrolls
 h - a scroll of vulnerability
 p - a scroll of blinking {unknown}
Potions
 b - a potion of resistance {unknown}
 f - 2 potions of magic
 g - 2 potions of flight
 i - 2 potions of mutation {unknown}
 j - 2 potions of brilliance {unknown}
 l - a potion of lignification {unknown}
 n - a potion of experience {unknown}


   Skills:
 * Level 3.5 Fighting
 + Level 2.1 Staves
 - Level 1.7 Armour
 - Level 0.8 Dodging
 - Level 0.8 Stealth
 - Level 2.6 Evocations


You had 3 spell levels left.
You didn't know any spells.
Your spell library was empty.

Dungeon Overview and Level Annotations

Branches:
Dungeon (4/15)
 Temple: D:4-7

Shops:
D:1 [


Innate Abilities, Weirdness & Mutations

You have an increased reservoir of magic. (+10% MP)
You shall have no god before yourself.
Your divine heritage dramatically boosts your attributes as you level up.


Message History

The iguana bites you!
You hit the iguana.
The iguana is heavily wounded.
The iguana barely misses you.
You hit the iguana but do no damage.
The iguana is heavily wounded.
The iguana bites you! The iguana misses you.
You barely miss the iguana.
The iguana is heavily wounded.
The iguana bites you but does no damage.
Unknown command.
You barely miss the iguana.
The iguana is heavily wounded.
The iguana bites you but does no damage.
Aiming: Iceblast
Press: ? - help, Shift-Dir - straight line, f/p - iguana
Aim: an iguana (heavily wounded)
Okay, then.
Aiming: Throw Flame
Press: ? - help, Shift-Dir - straight line, f/p - iguana
Aim: an iguana (heavily wounded, 75% to hit)
The puff of flame hits the iguana.
The iguana is severely wounded.
You block the iguana's attack.
Aiming: Throw Flame
Press: ? - help, Shift-Dir - straight line, f/p - iguana
Aim: an iguana (severely wounded, 75% to hit)
The puff of flame hits the iguana.
The iguana is almost dead.
The iguana bites you.
* * * LOW HITPOINT WARNING * * *
You feel very buoyant.
You fly up into the air.
The iguana bites you!
* * * LOW HITPOINT WARNING * * *
The iguana attacks as you move away!
The iguana bites you but does no damage.
You see here a hobgoblin corpse.
The iguana attacks as you move away! The iguana barely misses you.
The iguana attacks as you move away! The iguana bites you.
You die...

# .#.## # ####....#### #
#§§§§......# ###
#§≈≈≈≈≈≈≈..## #..
#§§.≈≈§§≈≈..## #..
###.8.§§.§§≈.........
.######.....§§§≈≈≈.# #####.
.........l@§§§§§≈..# #.
######..#.....§....# ..
#.......######.)# #.#
#.####### ##.# .. ##. #.# #
##>. #.###.### #..
####........ ####.#
####.........<.
#....##########....##........


You could see an iguana.

Vanquished Creatures
  A mummy (D:3)
  4 adders
  2 worms (D:2)
  3 dart slugs
  3 orcs (D:3)
  6 endoplasms
  2 giant cockroaches (D:1)
  8 hobgoblins
  2 jackals (D:1)
  2 quokkas (D:1)
  2 ball pythons
  5 bats
  5 frilled lizards
  7 goblins
  4 kobolds
  9 rats
65 creatures vanquished.

Vanquished Creatures (others)
  A hobgoblin (D:1)
1 creature vanquished.

Grand Total: 66 creatures vanquished

Notes
Turn   | Place    | Note
-------+----------+-------------------------------------------
     0 | D:1      | tizbic2 the Demigod Artificer began the quest for the Orb.
     0 | D:1      | Reached XP level 1. HP: 15/15 MP: 3/3
    63 | D:1      | Reached skill level 1 in Fighting
   464 | D:1      | Reached XP level 2. HP: 20/24 MP: 4/4
   834 | D:1      | Reached skill level 2 in Fighting
   834 | D:1      | Reached skill level 1 in Staves
  1012 | D:1      | Found Nelogur's Antique Armour Shop.
  1498 | D:2      | Reached XP level 3. HP: 26/30 MP: 5/5
  2287 | D:2      | Reached skill level 3 in Fighting
  2918 | D:3      | Reached XP level 4. HP: 20/38 MP: 6/6
  3562 | D:1      | Bought a buckler for 130 gold pieces
  3697 | D:4      | Noticed a necrophage
  3780 | D:4      | HP: 1/38 [iguana (10)]
  3784 | D:4      | Slain by an iguana

Illustrated notes

Levels and vault maps discovered:
D:1:      sevenhm_arrival_forest_fort_large_4, layout_basic, serial_shops,
          nicolae_lakefront_shop
D:2:      layout_basic, basic_altar, kennysheep_nondescript
D:3:      layout_rooms, slow_altar_1, general_overflow_altar
D:4:      layout_rooms, old_standard_altar, mainiacjoe_overflow_catwalk,
          lemuel_temple_firewalk_b, st_stairs_5

Skill      XL: |  1  2  3  4 |
---------------+-------------+-----
Fighting       | 1 2 3 |  3.5
Staves         | 1 2 |  2.1
Armour         | |  1.7
Dodging        | |  0.8
Stealth        | |  0.8
Evocations     | |  2.6

Action                   |  1- 3 |  4- 6 || total
-------------------------+-------+-------++-------
Melee: Club              |    50 |       ||    50
       Punch             |     1 |       ||     1
       Mace              |   117 |    65 ||   182
Throw: Boomerang         |     3 |     6 ||     9
Evoke: Wand              |    11 |     2 ||    13
  Use: Scroll            |     4 |     1 ||     5
       Potion            |       |     1 ||     1
 Stab: Sleeping          |     2 |       ||     2
Armor: Leather armour    |    57 |    19 ||    76
       Ring mail         |       |    31 ||    31
Dodge: Dodged            |   126 |    44 ||   170
Block: Buckler           |       |     3 ||     3
